| TOP OF THE 1ST |
|
Tri-City ValleyCats batting - Pitching for Aberdeen Ironbirds : RHP Nick Weirick
|
|
Pitching: RHP Nick Weirick
|
|
|
Batting: RHB Ben Hoffman
|
0-0: Called Strike 0-1: Ball 1-1: Reached on error, E6 (Groundball, 6, EV 106.2 MPH)
|
|
Batting: RHB Justin Olmstead
|
0-0: Swinging Strike 0-1: Called Strike 0-2: Ball 1-2: SINGLE (Line Drive, 9S, EV 97.5 MPH) Ben Hoffman to third Runner from 3rd tries for Home, SAFE, throw by RF to home Justin Olmstead to second
|
|
Batting: LHB Vinny Siebecker
|
0-0: Called Strike 0-1: Called Strike 0-2: Ball 1-2: Ball 2-2: Ground out 6-3 (Groundball, 6, EV 91.2 MPH) Justin Olmstead to third
|
|
Batting: SHB Chris Keziah
|
0-0: Fly out, F9 (Flyball, 89M, EV 84.4 MPH)
|
|
Batting: SHB Salvador Gomez
|
0-0: Ball 1-0: Ball 2-0: Ball 3-0: Called Strike 3-1: Swinging Strike 3-2: Strikes out swinging
|
| Top of the 1st over - 1 run, 1 hit, 1 error, 1 left on base; Tri-City 1 - Aberdeen 0 |
| BOTTOM OF THE 1ST |
|
Aberdeen Ironbirds batting - Pitching for Tri-City ValleyCats : RHP Isaiah McLaurin
|
|
Pitching: RHP Isaiah McLaurin
|
|
|
Batting: LHB Shane Free
|
0-0: Foul Ball, location: 2F 0-1: Ball 1-1: Ball 2-1: Ball 3-1: Called Strike 3-2: Ground out 6-3 (Groundball, 6, EV 91.2 MPH)
|
|
Batting: LHB Bill Ostlund
|
0-0: Called Strike 0-1: Foul Ball, location: 2F 0-2: Ball 1-2: Strikes out swinging
|
|
Batting: RHB Edwin Ramos
|
0-0: Ball 1-0: Ball 2-0: Swinging Strike 2-1: Ball 3-1: Called Strike 3-2: Ground out 4-3 (Groundball, 34D, EV 101.2 MPH)
|
| Bottom of the 1st over - 0 runs, 0 hits, 0 errors, 0 left on base; Tri-City 1 - Aberdeen 0 |
| TOP OF THE 2ND |
|
Tri-City ValleyCats batting - Pitching for Aberdeen Ironbirds : RHP Nick Weirick
|
|
Batting: RHB Mike Koch
|
0-0: Swinging Strike 0-1: Ball 1-1: Ball 2-1: Ball 3-1: Base on Balls
|
|
Batting: RHB Nate Britton
|
0-0: Ball 1-0: Ball 2-0: Ball 3-0: Base on Balls Mike Koch to second
|
|
Batting: RHB Evan Fry
|
0-0: Foul Ball, location: 2F 0-1: Swinging Strike 0-2: Ball 1-2: Ball 2-2: Ball 3-2: Strikes out looking
|
|
Batting: RHB Rob Baker
|
0-0: Foul Ball, location: 2F 0-1: Called Strike 0-2: Strikes out looking
|
|
Batting: RHB Ben Hoffman
|
0-0: Ball 1-0: DOUBLE (Line Drive, 9LM, EV 108.1 MPH) Mike Koch scores Nate Britton to third Runner from 3rd tries for Home, SAFE, throw by RF to trailing runner, SAFE at third!
|
|
Batting: RHB Justin Olmstead
|
0-0: Fly out, F9 (Flyball, 89D, EV 110.6 MPH)
|
| Top of the 2nd over - 2 runs, 1 hit, 0 errors, 1 left on base; Tri-City 3 - Aberdeen 0 |
| BOTTOM OF THE 2ND |
|
Aberdeen Ironbirds batting - Pitching for Tri-City ValleyCats : RHP Isaiah McLaurin
|
|
Batting: LHB Raul Rojas
|
0-0: Ball 1-0: Foul Ball, location: 2F 1-1: Ball 2-1: Foul Ball, location: 2F 2-2: Ball 3-2: Fly out, F6 (Flyball, 56D, EV 98.1 MPH)
|
|
Batting: SHB Jorge Brito
|
0-0: Ball 1-0: Called Strike 1-1: Ball 2-1: Ball 3-1: Foul Ball, location: 2F 3-2: Base on Balls
|
|
Batting: LHB Tim Mulholland
|
0-0: Ball 1-0: Ball 2-0: Foul Ball, location: 2F 2-1: Grounds into double play, 6-4-3 (Groundball, 6, EV 78.1 MPH)
|
| Bottom of the 2nd over - 0 runs, 0 hits, 0 errors, 0 left on base; Tri-City 3 - Aberdeen 0 |
| TOP OF THE 3RD |
|
Tri-City ValleyCats batting - Pitching for Aberdeen Ironbirds : RHP Nick Weirick
|
|
Batting: LHB Vinny Siebecker
|
0-0: Ball 1-0: Called Strike 1-1: Ball 2-1: Foul Ball, location: 2F 2-2: Ground out 1-3 (Groundball, 34S, EV 67.5 MPH)
|
|
Batting: SHB Chris Keziah
|
0-0: Ball 1-0: Foul Ball, location: 2F 1-1: Foul Ball, location: 2F 1-2: Ball 2-2: Strikes out looking
|
|
Batting: SHB Salvador Gomez
|
0-0: Ball 1-0: Ball 2-0: Ball 3-0: Called Strike 3-1: Swinging Strike 3-2: Fly out, F3 (Line Drive, 3, EV 73.1 MPH)
|
| Top of the 3rd over - 0 runs, 0 hits, 0 errors, 0 left on base; Tri-City 3 - Aberdeen 0 |
| BOTTOM OF THE 3RD |
|
Aberdeen Ironbirds batting - Pitching for Tri-City ValleyCats : RHP Isaiah McLaurin
|
|
Batting: RHB Jordan Wallace
|
0-0: Ball 1-0: Called Strike 1-1: Ball 2-1: Called Strike 2-2: Foul Ball, location: 2F 2-2: Ball 3-2: Base on Balls
|
|
Batting: LHB David Best
|
0-0: Ball 1-0: Called Strike 1-1: Ball 2-1: Foul Ball, location: 2F 2-2: Foul Ball, location: 2F 2-2: Strikes out swinging
|
|
Batting: SHB Tyler Myatt
|
0-0: Called Strike 0-1: Foul Ball, location: 2F 0-2: Ball 1-2: Ball 2-2: Strikes out swinging
|
|
Batting: LHB Shane Free
|
0-0: Ball 1-0: Swinging Strike 1-1: Fly out, F7 (Flyball, 78S, EV 85.6 MPH)
|
| Bottom of the 3rd over - 0 runs, 0 hits, 0 errors, 1 left on base; Tri-City 3 - Aberdeen 0 |
| TOP OF THE 4TH |
|
Tri-City ValleyCats batting - Pitching for Aberdeen Ironbirds : RHP Nick Weirick
|
|
Batting: RHB Mike Koch
|
0-0: Called Strike 0-1: Fly out, F9 (Flyball, 89M, EV 84.4 MPH)
|
|
Batting: RHB Nate Britton
|
0-0: Ball 1-0: Swinging Strike 1-1: Fly out, F3 (Flyball, 3D, EV 84.4 MPH)
|
|
Batting: RHB Evan Fry
|
0-0: Called Strike 0-1: Ball 1-1: Called Strike 1-2: Ball 2-2: Ball 3-2: Ground out 5-3 (Groundball, 56, EV 78.8 MPH)
|
| Top of the 4th over - 0 runs, 0 hits, 0 errors, 0 left on base; Tri-City 3 - Aberdeen 0 |
| BOTTOM OF THE 4TH |
|
Aberdeen Ironbirds batting - Pitching for Tri-City ValleyCats : RHP Isaiah McLaurin
|
|
Batting: LHB Bill Ostlund
|
0-0: Called Strike 0-1: Foul Ball, location: 2F 0-2: Ball 1-2: Foul Ball, location: 2F 1-2: Ball 2-2: Strikes out swinging
|
|
Batting: RHB Edwin Ramos
|
0-0: Fly out, F8 (Flyball, 8RS, EV 90.6 MPH)
|
|
Batting: LHB Raul Rojas
|
0-0: Called Strike 0-1: Ball 1-1: Called Strike 1-2: Ball 2-2: SINGLE (Groundball, 4D, EV 96.2 MPH)
|
|
Batting: SHB Jorge Brito
|
0-0: Called Strike 0-1: Fly out, F8 (Flyball, 8LD, EV 105.6 MPH)
|
| Bottom of the 4th over - 0 runs, 1 hit, 0 errors, 1 left on base; Tri-City 3 - Aberdeen 0 |
| TOP OF THE 5TH |
|
Tri-City ValleyCats batting - Pitching for Aberdeen Ironbirds : RHP Nick Weirick
|
|
Batting: RHB Rob Baker
|
0-0: SINGLE (Line Drive, 6MD, EV 109.4 MPH)
|
|
Batting: RHB Ben Hoffman
|
0-0: Ball 1-0: Ball 2-0: Ball 3-0: Called Strike 3-1: SINGLE (Groundball, 6D, EV 103.1 MPH) Rob Baker to second
|
|
Batting: RHB Justin Olmstead
|
0-0: Ball Wild Pitch! Rob Baker to third Ben Hoffman to second 1-0: Called Strike 1-1: Foul Ball, location: 2F 1-2: Foul Ball, location: 2F 1-2: Strikes out swinging
|
|
Batting: LHB Vinny Siebecker
|
0-0: Swinging Strike 0-1: Ball 1-1: Swinging Strike 1-2: Strikes out swinging
|
|
Pitching: RHP Toshiyuki Funaki
|
|
|
Batting: SHB Chris Keziah
|
0-0: Ball 1-0: Ball 2-0: DOUBLE (Groundball, 5D, EV 95.0 MPH) Rob Baker scores Ben Hoffman scores
|
|
Batting: SHB Salvador Gomez
|
0-0: Called Strike 0-1: Foul Ball, location: 2F 0-2: Ball 1-2: Ball 2-2: Ball 3-2: SINGLE (Groundball, 6MD, EV 108.8 MPH) Chris Keziah to third
|
|
Batting: RHB Mike Koch
|
0-0: Called Strike 0-1: Foul Ball, location: 2F 0-2: Foul Ball, location: 2F 0-2: Strikes out swinging
|
| Top of the 5th over - 2 runs, 4 hits, 0 errors, 2 left on base; Tri-City 5 - Aberdeen 0 |
| BOTTOM OF THE 5TH |
|
Aberdeen Ironbirds batting - Pitching for Tri-City ValleyCats : RHP Isaiah McLaurin
|
|
Batting: LHB Tim Mulholland
|
0-0: Called Strike 0-1: Ball 1-1: Called Strike 1-2: Ball 2-2: Ball 3-2: Base on Balls
|
|
Batting: RHB Jordan Wallace
|
0-0: Called Strike 0-1: Called Strike 0-2: Foul Ball, location: 2F 0-2: Ball 1-2: Ball 2-2: Fly out, F7 (Line Drive, 7S, EV 108.8 MPH)
|
|
Batting: LHB David Best
|
0-0: Ball 1-0: Fielders Choice at 2nd, 3-6 (Groundball, 13, EV 88.8 MPH)
|
|
Batting: SHB Tyler Myatt
|
0-0: Ball Pickoff Throw to First - Out! 1-3
|
| Bottom of the 5th over - 0 runs, 0 hits, 0 errors, 0 left on base; Tri-City 5 - Aberdeen 0 |
| TOP OF THE 6TH |
|
Tri-City ValleyCats batting - Pitching for Aberdeen Ironbirds : RHP Toshiyuki Funaki
|
|
Batting: RHB Nate Britton
|
0-0: SINGLE (Groundball, 56S, EV 66.2 MPH) (infield hit)
|
|
Batting: RHB Evan Fry
|
0-0: Ball 1-0: Swinging Strike 1-1: Ball Nate Britton steals 2nd base 2-1: Ball 3-1: Foul Ball, location: 2F 3-2: Foul Ball, location: 2F 3-2: Foul Ball, location: 2F 3-2: Strikes out swinging
|
|
Batting: RHB Rob Baker
|
0-0: Called Strike 0-1: Foul Ball, location: 2F 0-2: Strikes out swinging
|
|
Batting: RHB Ben Hoffman
|
0-0: Ball 1-0: Ball 2-0: Called Strike 2-1: Swinging Strike 2-2: Strikes out swinging
|
| Top of the 6th over - 0 runs, 1 hit, 0 errors, 1 left on base; Tri-City 5 - Aberdeen 0 |
| BOTTOM OF THE 6TH |
|
Aberdeen Ironbirds batting - Pitching for Tri-City ValleyCats : RHP Isaiah McLaurin
|
|
Batting: SHB Tyler Myatt
|
0-0: Called Strike 0-1: Called Strike 0-2: Ball 1-2: Strikes out swinging
|
|
Batting: LHB Shane Free
|
0-0: Ball 1-0: Called Strike 1-1: Foul Ball, location: 2F 1-2: Ball 2-2: Strikes out swinging
|
|
Batting: LHB Bill Ostlund
|
0-0: Called Strike 0-1: Called Strike 0-2: Ball 1-2: Foul Ball, location: 2F 1-2: Foul Ball, location: 2F 1-2: Ball 2-2: Strikes out swinging
|
| Bottom of the 6th over - 0 runs, 0 hits, 0 errors, 0 left on base; Tri-City 5 - Aberdeen 0 |
| TOP OF THE 7TH |
|
Tri-City ValleyCats batting - Pitching for Aberdeen Ironbirds : RHP Toshiyuki Funaki
|
|
Batting: RHB Justin Olmstead
|
0-0: Ball 1-0: Ball 2-0: Ball 3-0: Called Strike 3-1: Base on Balls
|
|
Pitching: LHP Roger Farley
|
|
|
Batting: LHB Vinny Siebecker
|
0-0: Ball 1-0: Foul Ball, location: 2F 1-1: Foul Ball, location: 2F 1-2: Ball 2-2: Ball 3-2: Grounds into double play, 3-6-3 (Groundball, 3, EV 110.6 MPH)
|
|
Batting: SHB Chris Keziah
|
0-0: Foul Ball, location: 2F 0-1: Swinging Strike 0-2: Ball 1-2: Ball 2-2: Ball 3-2: Foul Ball, location: 2F 3-2: Foul Ball, location: 2F 3-2: Foul Ball, location: 2F 3-2: Fly out, F6 (Line Drive, 6, EV 67.5 MPH)
|
| Top of the 7th over - 0 runs, 0 hits, 0 errors, 0 left on base; Tri-City 5 - Aberdeen 0 |
| BOTTOM OF THE 7TH |
|
Aberdeen Ironbirds batting - Pitching for Tri-City ValleyCats : RHP Isaiah McLaurin
|
|
Pitching: RHP Arsène Serre
|
|
|
Batting: RHB Edwin Ramos
|
0-0: Ball 1-0: Foul Ball, location: 2F 1-1: Ground out U3 (Groundball, 13, EV 91.2 MPH)
|
|
Batting: LHB Raul Rojas
|
0-0: Ball 1-0: Called Strike 1-1: Swinging Strike 1-2: Ball 2-2: Foul Ball, location: 2F 2-2: Foul Ball, location: 2F 2-2: Foul Ball, location: 2F 2-2: Ball 3-2: Foul Ball, location: 2F 3-2: Base on Balls
|
|
Batting: SHB Jorge Brito
|
0-0: Ball 1-0: Ball 2-0: Called Strike 2-1: Ball 3-1: Base on Balls Raul Rojas to second
|
|
Pitching: RHP Chris Miles
|
|
|
Batting: LHB Tim Mulholland
|
0-0: Foul Ball, location: 2F 0-1: Fielders Choice at 2nd, 3-6 (Groundball, 34, EV 106.9 MPH) Raul Rojas to third
|
|
Batting: RHB Jordan Wallace
|
0-0: Ground out 6-3 (Groundball, 6S, EV 88.1 MPH)
|
| Bottom of the 7th over - 0 runs, 0 hits, 0 errors, 2 left on base; Tri-City 5 - Aberdeen 0 |
| TOP OF THE 8TH |
|
Tri-City ValleyCats batting - Pitching for Aberdeen Ironbirds : LHP Roger Farley
|
|
Batting: SHB Salvador Gomez
|
0-0: Foul Ball, location: 2F 0-1: Ball 1-1: SINGLE (Groundball, P, EV 85.6 MPH) (infield hit)
|
|
Batting: RHB Mike Koch
|
0-0: Called Strike 0-1: Ball 1-1: Foul Ball, location: 2F 1-2: Ball Wild Pitch! Salvador Gomez to second 2-2: Foul Ball, location: 2F 2-2: Foul Ball, location: 2F 2-2: Strikes out swinging
|
|
Batting: RHB Nate Britton
|
0-0: Ball 1-0: Foul Ball, location: 2F 1-1: Ground out 6-3 (Groundball, 6MS, EV 90.6 MPH) Salvador Gomez to third
|
|
Pitching: RHP Jon Juarez
|
|
|
Batting: RHB Evan Fry
|
0-0: Ball 1-0: Ball 2-0: Ball 3-0: Base on Balls
|
|
Batting: RHB Rob Baker
|
0-0: Ball 1-0: Ball 2-0: Fly out, F4 (Popup, 4, EV 60.6 MPH)
|
| Top of the 8th over - 0 runs, 1 hit, 0 errors, 2 left on base; Tri-City 5 - Aberdeen 0 |
| BOTTOM OF THE 8TH |
|
Aberdeen Ironbirds batting - Pitching for Tri-City ValleyCats : RHP Chris Miles
|
|
Batting: LHB David Best
|
0-0: Ball 1-0: Ball 2-0: Ball 3-0: SINGLE (Groundball, 34D, EV 98.1 MPH)
|
|
Batting: SHB Tyler Myatt
|
0-0: Ball 1-0: Called Strike 1-1: Ball Balk! David Best to second 2-1: Ball 3-1: SINGLE (Groundball, 56D, EV 106.9 MPH) David Best to third
|
|
Batting: LHB Shane Free
|
0-0: Ball 1-0: Called Strike 1-1: Ball 2-1: Swinging Strike 2-2: Ball 3-2: Foul Ball, location: 2F 3-2: Foul Ball, location: 2F 3-2: Base on Balls Tyler Myatt to second
|
|
Batting: LHB Bill Ostlund
|
0-0: Ball Wild Pitch! David Best scores Tyler Myatt to third Shane Free to second 1-0: Swinging Strike 1-1: Ball 2-1: Ball 3-1: Base on Balls
|
|
Batting: RHB Edwin Ramos
|
0-0: SINGLE (Flyball, 8LS, EV 90.0 MPH) Tyler Myatt scores Shane Free to third Bill Ostlund to second
|
|
Batting: LHB Raul Rojas
|
0-0: Ball 1-0: Called Strike 1-1: Foul Ball, location: 2F 1-2: Foul Ball, location: 2F 1-2: Foul Ball, location: 2F 1-2: Foul Ball, location: 2F 1-2: Ball 2-2: Ball 3-2: Foul Ball, location: 2F 3-2: SINGLE (Groundball, 4MD, EV 95.0 MPH) Shane Free scores Bill Ostlund to third Edwin Ramos to second Runner from 3rd tries for Home, throw by CF and OUT! 8-2
|
|
Batting: SHB Jorge Brito
|
0-0: Ball 1-0: Called Strike 1-1: Swinging Strike 1-2: Ball 2-2: Strikes out swinging
|
|
Batting: LHB Tim Mulholland
|
0-0: Ball 1-0: Ball 2-0: Swinging Strike 2-1: Ball 3-1: Called Strike 3-2: SINGLE (Line Drive, 9S, EV 89.4 MPH) Edwin Ramos to third Raul Rojas to second Edwin Ramos scores Raul Rojas to third
|
|
Batting: RHB Jordan Wallace
|
0-0: Ball 1-0: Called Strike 1-1: Ball 2-1: Fly out, F9 (Flyball, 89M, EV 73.8 MPH)
|
| Bottom of the 8th over - 4 runs, 5 hits, 0 errors, 2 left on base; Tri-City 5 - Aberdeen 4 |
| TOP OF THE 9TH |
|
Tri-City ValleyCats batting - Pitching for Aberdeen Ironbirds : RHP Jon Juarez
|
|
Pitching: LHP Randy Adams
|
|
|
Batting: RHB Ben Hoffman
|
0-0: Ball 1-0: Swinging Strike 1-1: Called Strike 1-2: Strikes out swinging
|
|
Batting: RHB Justin Olmstead
|
0-0: Ball 1-0: Called Strike 1-1: Foul Ball, location: 2F 1-2: SINGLE (Groundball, 56S, EV 76.2 MPH) (infield hit)
|
|
Batting: LHB Vinny Siebecker
|
0-0: Swinging Strike 0-1: Ball 1-1: SINGLE (Groundball, 56S, EV 68.8 MPH) (infield hit) Justin Olmstead to second
|
|
Batting: SHB Chris Keziah
|
0-0: Called Strike 0-1: Swinging Strike 0-2: Ball 1-2: Ball 2-2: Strikes out swinging
|
|
Batting: SHB Salvador Gomez
|
0-0: Fielders Choice at 2nd, 6-4 (Groundball, 6, EV 83.8 MPH)
|
| Top of the 9th over - 0 runs, 2 hits, 0 errors, 2 left on base; Tri-City 5 - Aberdeen 4 |
| BOTTOM OF THE 9TH |
|
Aberdeen Ironbirds batting - Pitching for Tri-City ValleyCats : RHP Chris Miles
|
|
Batting: LHB David Best
|
0-0: Ball 1-0: Ball 2-0: Ball 3-0: Base on Balls
|
|
Batting: SHB Tyler Myatt
|
0-0: Sac Bunt to 2R - play at first, batter OUT! 2-4 David Best to second
|
|
Batting: LHB Shane Free
|
0-0: Ball 1-0: Foul Ball, location: 2F 1-1: Called Strike 1-2: Ground out 6-3 (Groundball, 6M, EV 85.0 MPH) David Best to third
|
|
Batting: LHB Bill Ostlund
|
0-0: Fly out, F9 (Flyball, 89S, EV 93.1 MPH)
|
| Bottom of the 9th over - 0 runs, 0 hits, 0 errors, 1 left on base; Tri-City 5 - Aberdeen 4 |
|